Map: Scalo orbitale

Players

MaxPauer - Winner!

  • Race: Protoss Protoss
  • League: Diamond

Jhyrachy

  • Race: Zerg Zerg

VOD

Have the link to the VOD?

Description

Time

  • Played on: March 9, 2016, 11:30 a.m.
  • Length: 7:57
Show
View Real Time Build Order
Export as new Build Order

MaxPauer Protoss - Winner!

Build Orders: 1 Gate Expand, Double Forge 

Get SALT Encoding   

  12  0:01  Probe (Chrono Boost)  
  13  0:11  Probe (Chrono Boost)  
  14  0:19  Pylon  
  14  0:22  Probe (Chrono Boost)  
  15  0:37  Probe (Chrono Boost)  
  15  0:38  Gateway  
  16  0:47  Probe (Chrono Boost)  
  16  0:49  Assimilator  
  17  0:58  Probe (Chrono Boost)  
  18  1:08  Probe (Chrono Boost)  
  19  1:19  Probe (Chrono Boost)  
  20  1:26  Nexus  
  20  1:36  Cybernetics Core  
  20  1:44  Assimilator  
  20  1:47  Probe (Chrono Boost)  
  21  1:57  Probe (Chrono Boost)  
  22  2:02  Gateway  
  22  2:04  Pylon  
  22  2:16  Warp Gate  
  22  2:22  Adept (Chrono Boost)  
  24  2:24  Probe  
  25  2:36  Probe  
  26  2:44  Pylon  
  26  2:45  Adept (Chrono Boost)  
  26  2:48  Probe  
  26  2:49  Adept (Chrono Boost)  
  31  2:53  Probe  
  32  3:00  Probe  
  32  3:05  Forge  
  33  3:17  Probe x2  
  35  3:27  Forge  
  35  3:28  Pylon  
  35  3:29  Probe  
  35  3:30  Probe  
  37  3:41  Probe  
  37  3:42  Probe  
  39  4:16  Probe x2  
  39  4:28  Probe x2  
  39  4:29  Robotics Facility  
  39  4:30  Robotics Facility  
  37  4:34  Protoss Ground Weapons Level 1 (Chrono Boost), Protoss Ground Armor Level 1 (Chrono Boost), Gateway  
  37  4:36  Gateway  
  37  4:37  Gateway  
  37  4:38  Stalker x2  
  41  4:40  Probe x2  
  43  4:46  Assimilator  
  43  4:51  Assimilator  
  44  4:52  Probe  
  44  4:53  Probe  
  45  5:04  Probe  
  45  5:05  Probe, Stalker x2  
  51  5:17  Probe x2  
  51  5:21  Immortal x2 (Chrono Boost)  
  49  6:02  Adept  
  49  6:03  Adept x4  
  59  6:04  Probe  
  59  6:05  Probe  
  59  6:07  Pylon  
  59  6:09  Pylon  
  59  6:10  Pylon  
  61  6:16  Probe  
  62  6:25  Probe  
  63  6:29  Stalker x5  
  73  6:33  Probe  
  73  6:36  Observer x2 (Chrono Boost)  
  73  6:37  Probe  
  77  6:53  Probe x2  
  79  6:55  Warp Prism (Chrono Boost)  
  81  7:32  Probe x2  
  83  7:44  Probe x2  
Show
View Real Time Build Order
Export as new Build Order

Jhyrachy Zerg 

Build Orders: Hatch First 

Get SALT Encoding   

  12  0:02  Drone  
  13  0:10  Drone  
  14  0:17  Overlord  
  14  0:37  Drone x3  
  17  0:54  Hatchery  
  16  0:58  Drone  
  17  1:16  Spawning Pool  
  16  1:29  Spawning Pool  
  16  1:31  Drone  
  16  1:33  Drone  
  16  1:38  Drone  
  18  1:45  Overlord  
  18  1:59  Extractor  
  17  2:07  Queen  
  19  2:09  Queen  
  19  2:11  Zergling x4  
  23  2:25  Drone x3  
  27  2:30  Drone  
  27  2:36  Roach Warren  
  26  2:37  Drone  
  27  3:03  Evolution Chamber  
  25  3:17  Metabolic Boost  
  25  3:23  Drone  
  25  3:24  Drone x5  
  31  3:47  Overlord x2  
  29  3:58  Spine Crawler  
  24  4:09  Zergling x2  
  24  4:10  Zergling x20  
  33  4:43  Drone  
  33  4:44  Drone x8  
  34  6:28  Lair  
  34  6:38  Queen  
  36  6:43  Hatchery  
  36  6:46  Drone x4  
  39  6:47  Drone  
  40  7:18  Overlord  
  40  7:19  Overlord x3  
  36  7:31  Overlord x4  
Tags
 
Add a new tag
Caveats
  • Supply blocks, unpowered buildings, or Contaminate may cause inaccurate times.
  • Supply counts are checked every 10 seconds.